 Dungeon Crawl Stone Soup version 0.21-a0-404-g291f19a (webtiles) character file.

3063 grizmgrazm2 the Cruncher (level 9, 0/71 HPs)
             Began as a Gnoll Wanderer on Oct 26, 2017.
             Was a Follower of Vehumet.
             Slain by a two-headed ogre
             ... wielding a +0 giant club
              (9 damage)
             ... on level 8 of the Dungeon.
             The game lasted 00:19:32 (7838 turns).

grizmgrazm2 the Cruncher (Gnoll Wanderer)           Turns: 7838, Time: 00:19:33

Health: 0/71       AC:  6    Str: 17    XL:     9   Next: 88%
Magic:  12/15      EV: 14    Int: 15    God:    Vehumet [*.....]
Gold:   507        SH:  7    Dex: 15    Spells: 13/17 levels left

rFire    . . .     SeeInvis .   h - +2 whip (freeze)
rCold    + . .     Gourm    .   C - +2 buckler {rC+}
rNeg     . . .     Faith    .   F - +0 leather armour
rPois    .         Spirit   .   p - +0 helmet
rElec    .         Reflect  .   (no cloak)
rCorr    .         Harm     .   B - +0 pair of gloves
MR       .....                  (no boots)
Stlth    +++.......             (no amulet)
HPRegen  0.21/turn              (no ring)
MPRegen  0.14/turn              (no ring)

@: no status effects
A: distributed training, fangs 1, strong nose
a: Renounce Religion


You were on level 8 of the Dungeon.
You worshipped Vehumet.
Vehumet was aware of your devotion.
You were not hungry.

You visited 2 branches of the dungeon, and saw 9 of its levels.

You collected 507 gold pieces.

Inventory:

Hand Weapons
 c - a +0 hand axe
 e - a +0 dagger
 h - a +2 whip of freezing (weapon)
 x - a +0 falchion of holy wrath
Armour
 p - a +0 helmet (worn)
 B - a +0 pair of gloves (worn)
 C - a +2 buckler of cold resistance (worn)
 F - a +0 leather armour (worn)
Jewellery
 a - an uncursed amulet of regeneration {unknown}
Wands
 y - a wand of acid (3/15)
Scrolls
 b - a scroll of fog {unknown}
 d - 3 scrolls of amnesia
 g - a scroll of recharging {unknown}
 i - 4 scrolls of fear
 j - 3 scrolls of blinking
 k - 6 scrolls of identify
 m - 2 scrolls of magic mapping
 n - 4 scrolls of teleportation
 z - a scroll of random uselessness {unknown}
 A - a scroll of noise {unknown}
 D - a scroll of immolation {unknown}
 E - a scroll of enchant armour {unknown}
Potions
 q - a potion of magic {unknown}
 r - 2 potions of invisibility {unknown}
 u - a potion of agility {unknown}
 v - a potion of mutation {unknown}
 w - a potion of haste {unknown}
Books
 l - a book of Necromancy

   Spells                             Type                      Level
   a - Pain                           Necromancy                   1
   b - Animate Skeleton               Necromancy                   1
   c - Vampiric Draining              Necromancy                   3
   d - Regeneration                   Charms/Necromancy            3
   e - Animate Dead                   Necromancy                   4
   f - Control Undead                 Necromancy                   4
Comestibles
 f - 7 bread rations
 o - 3 royal jellies
 s - 5 fruits
 t - 2 meat rations


   Skills:
 + Level 6.5 Fighting
 + Level 4.5 Short Blades
 + Level 4.5 Long Blades
 + Level 5.3 Axes
 + Level 4.5 Maces & Flails
 + Level 4.5 Polearms
 + Level 8.1 Staves
 + Level 4.5 Slings
 + Level 4.5 Bows
 + Level 4.5 Crossbows
 + Level 4.5 Throwing
 + Level 5.3 Armour
 + Level 4.5 Dodging
 + Level 6.3 Stealth
 + Level 5.3 Shields
 + Level 4.5 Unarmed Combat
 + Level 4.5 Spellcasting
 + Level 3.8 Conjurations
 + Level 3.8 Hexes
 + Level 3.8 Charms
 + Level 3.8 Summonings
 + Level 3.8 Necromancy
 + Level 3.8 Translocations
 + Level 3.8 Transmutations
 + Level 3.8 Fire Magic
 + Level 3.8 Ice Magic
 + Level 3.8 Air Magic
 + Level 3.8 Earth Magic
 + Level 3.8 Poison Magic
 + Level 5.0 Invocations
 + Level 4.5 Evocations


You had 13 spell levels left.
You knew the following spells:

 Your Spells              Type           Power        Failure   Level  Hunger
a - Animate Dead          Necr           N/A          38%         4    ####...


Dungeon Overview and Level Annotations

Branches:
Dungeon (8/15)             Temple (1/1) D:7
   Lair: D:8-11

Altars:
Ashenzari
Cheibriados
Dithmenos
Elyvilon
Fedhas
Gozag
Hepliaklqana
Makhleb
Nemelex Xobeh
Okawaru
Qazlal
Ru
Sif Muna
Trog
Uskayaw
Vehumet
Wu Jian
Yredelemnul
Zin
The Shining One

Shops:
D:4 }   D:6 %


Innate Abilities, Weirdness & Mutations

Your experience applies equally to all skills.
You have very sharp teeth.
Your uncanny sense of smell can sniff out nearby items.


Message History

The two-headed ogre is heavily wounded.
The two-headed ogre barely misses you. You block the two-headed ogre's attack.
You barely miss the two-headed ogre.
The two-headed ogre is heavily wounded.
The howler monkey hoots and howls with incredible vigour!
The two-headed ogre closely misses you.
The two-headed ogre hits you with a giant club!
* * * LOW HITPOINT WARNING * * *
You feel much better.
The two-headed ogre hits you with a giant club!!
* * * LOW HITPOINT WARNING * * *
The two-headed ogre closely misses you.
You hit the two-headed ogre but do no damage.
The two-headed ogre is heavily wounded.
You hit the two-headed ogre. You freeze the two-headed ogre.
The two-headed ogre is heavily wounded.
The two-headed ogre hits you with a giant club.
* * * LOW HITPOINT WARNING * * *
The two-headed ogre hits you with a giant club!
You die...

.......##.#####..#
(.........#.##..##
<........###....#
(........#_#...##
(.......##.##..#
).......#...#..#
(......##...##.## .
.......#.....#..####....
.....###.....###@Oh.....
...###....8....###.....:
.###......#......###....
.'......8###8....._# #..
.###......#......### .
..####....8....### ###
####.....###
.####..#.....#
.......##...##


You could see a two-headed ogre and a howler monkey.

Vanquished Creatures
  Pikel (D:5)
  Grinder (D:4)
  A hippogriff (D:7)
  Edmund (D:4)
  An ice beast (D:8)
  4 sky beasts
  3 phantoms
  5 ogres
  A centaur (D:7)
  A big kobold (D:7)
  A bullfrog (D:7)
  A scorpion (D:7)
  2 crimson imps (D:5)
  A centaur zombie (D:7)
  2 quasits
  2 hounds
  2 orc priests (D:5)
  3 centaur skeletons
  5 iguanas
  A worker ant (D:4)
  An orc wizard (D:7)
  A hound skeleton (D:6)
  A gnoll (D:2)
  7 adders
  A shadow imp (D:7)
  An ooze (D:3)
  An adder skeleton (D:5)
  2 worms
  5 leopard geckos
  9 orcs
  6 bats
  3 giant cockroaches
  5 goblins
  5 hobgoblins
  8 jackals
  A ball python (D:3)
  A frilled lizard (D:2)
  A jackal zombie (D:6)
  16 kobolds
  3 leopard gecko skeletons
  4 rats
121 creatures vanquished.

Vanquished Creatures (others)
  A slave (D:6)
  A phantom (D:6)
  A worker ant (D:6)
  A giant cockroach (D:6)
4 creatures vanquished.

Grand Total: 125 creatures vanquished

Notes
Turn   | Place    | Note
-------+----------+-------------------------------------------
     0 | D:1      | grizmgrazm2 the Gnoll Wanderer began the quest for the Orb.
     0 | D:1      | grizmgrazm2 set off with: a +0 shield, a potion of curing, a +0 hand axe, a +0 robe, a +0 dagger, a bread ration
     0 | D:1      | Reached XP level 1. HP: 20/20 MP: 1/1
   285 | D:1      | Reached XP level 2. HP: 26/26 MP: 2/2
   944 | D:2      | Reached XP level 3. HP: 20/31 MP: 3/3
  1202 | D:2      | Reached skill level 1 in Short Blades
  1202 | D:2      | Reached skill level 1 in Long Blades
  1202 | D:2      | Reached skill level 1 in Maces & Flails
  1202 | D:2      | Reached skill level 1 in Polearms
  1202 | D:2      | Reached skill level 1 in Slings
  1202 | D:2      | Reached skill level 1 in Bows
  1202 | D:2      | Reached skill level 1 in Crossbows
  1202 | D:2      | Reached skill level 1 in Throwing
  1202 | D:2      | Reached skill level 1 in Dodging
  1202 | D:2      | Reached skill level 1 in Unarmed Combat
  1202 | D:2      | Reached skill level 1 in Spellcasting
  1202 | D:2      | Reached skill level 1 in Invocations
  1202 | D:2      | Reached skill level 1 in Evocations
  1236 | D:2      | Reached XP level 4. HP: 28/38 MP: 5/5
  1713 | D:3      | Reached skill level 1 in Conjurations
  1713 | D:3      | Reached skill level 1 in Hexes
  1713 | D:3      | Reached skill level 1 in Charms
  1713 | D:3      | Reached skill level 1 in Summonings
  1713 | D:3      | Reached skill level 1 in Necromancy
  1713 | D:3      | Reached skill level 1 in Translocations
  1713 | D:3      | Reached skill level 1 in Transmutations
  1713 | D:3      | Reached skill level 1 in Fire Magic
  1713 | D:3      | Reached skill level 1 in Ice Magic
  1713 | D:3      | Reached skill level 1 in Air Magic
  1713 | D:3      | Reached skill level 1 in Earth Magic
  1713 | D:3      | Reached skill level 1 in Poison Magic
  1772 | D:3      | Reached XP level 5. HP: 38/43 MP: 6/6
  2152 | D:3      | Found a faded altar of an unknown god.
  2408 | D:3      | Found a white marble altar of Elyvilon.
  2503 | D:4      | Noticed Grinder
  2503 | D:4      | Paralysed by Grinder for 6 turns
  2506 | D:4      | Noticed Edmund
  2527 | D:4      | Killed Edmund
  2527 | D:4      | Reached XP level 6. HP: 42/50 MP: 8/8
  2534 | D:4      | Paralysed by Grinder for 7 turns
  2545 | D:4      | Paralysed by Grinder for 4 turns
  2550 | D:4      | Killed Grinder
  2550 | D:4      | Reached skill level 5 in Fighting
  2550 | D:4      | Reached XP level 7. HP: 9/56 MP: 8/10
  2866 | D:4      | Found Dex Eschy's Gadget Shoppe.
  3119 | D:4      | Reached skill level 7 in Staves
  3246 | D:5      | Entered Level 5 of the Dungeon
  3687 | D:5      | Reached skill level 5 in Stealth
  3902 | D:6      | Found an opulent altar of Gozag.
  3910 | D:6      | Reached XP level 8. HP: 44/63 MP: 12/12
  3911 | D:6      | Noticed Pikel
  4065 | D:5      | Killed Pikel
  4383 | D:6      | Found a hazy altar of Hepliaklqana.
  4416 | D:6      | Found Acemned's Food Shoppe.
  4978 | D:6      | Found a snail-covered altar of Cheibriados.
  5060 | D:6      | Reached XP level 9. HP: 59/69 MP: 14/14
  6391 | D:7      | Found a staircase to the Ecumenical Temple.
  6397 | Temple   | Entered the Ecumenical Temple
  6467 | Temple   | Became a worshipper of Vehumet
  6573 | D:7      | Reached skill level 5 in Axes
  6573 | D:7      | Reached skill level 5 in Armour
  6573 | D:7      | Reached skill level 5 in Shields
  7041 | D:8      | Reached skill level 8 in Staves
  7200 | D:7      | Reached skill level 5 in Invocations
  7454 | D:8      | Reached * piety under Vehumet
  7454 | D:8      | Offered knowledge of Sandblast by Vehumet.
  7466 | D:8      | Learned a level 4 spell: Animate Dead
  7514 | D:8      | Found a shattered altar of Ashenzari.
  7518 | D:8      | Found an ornate altar of the Wu Jian Council.
  7521 | D:8      | Found a white marble altar of Elyvilon.
  7584 | D:8      | Found a sparkling altar of Nemelex Xobeh.
  7704 | D:8      | Found a blossoming altar of Fedhas.
  7825 | D:8      | Noticed a two-headed ogre
  7838 | D:8      | Slain by a two-headed ogre

Vault maps used:
D:1:      matt_arrival_spirals
D:2:      first_bread, serial_forest, infiniplex_forest_straight_5,
          infiniplex_forest_clump_large, infiniplex_forest_end_2,
          infiniplex_forest_corner_1, kennysheep_nondescript, minmay_mini_jars
D:3:      chequers_ecumenical_altar_island, elyvilon_altar_4
D:4:      serial_shops, nicolae_shop_waterfront, uniq_edmund, uniq_grinder
D:6:      lemuel_doored_altar, kennysheep_mini_moat, nicolae_gozag_seed_capital,
          serial_shops, shop, uniq_pikel
D:7:      minmay_temple_entry_enclosed_plants, minivault_25
D:8:      fedhas_altar_4, minmay_overflow_temple_star_quad, grunt_ogre_cave,
          nemelex_spade_bored_becter
Temple:   cyrus_circular_temple

Skill      XL: |  1  2  3  4  5  6  7  8  9 |
---------------+----------------------------+-----
Short Blades   | 1 2 3 4 |  4.5
Long Blades    | 1 2 3 4 |  4.5
Maces & Flails | 1 2 3 4 |  4.5
Polearms       | 1 2 3 4 |  4.5
Slings         | 1 2 3 4 |  4.5
Bows           | 1 2 3 4 |  4.5
Crossbows      | 1 2 3 4 |  4.5
Throwing       | 1 2 3 4 |  4.5
Dodging        | 1 2 3 4 |  4.5
Unarmed Combat | 1 2 3 4 |  4.5
Spellcasting   | 1 2 3 4 |  4.5
Invocations    | 1 2 3 4 5 |  5.0
Evocations     | 1 2 3 4 |  4.5
Conjurations   | 1 2 3 |  3.8
Hexes          | 1 2 3 |  3.8
Charms         | 1 2 3 |  3.8
Summonings     | 1 2 3 |  3.8
Necromancy     | 1 2 3 |  3.8
Translocations | 1 2 3 |  3.8
Transmutations | 1 2 3 |  3.8
Fire Magic     | 1 2 3 |  3.8
Ice Magic      | 1 2 3 |  3.8
Air Magic      | 1 2 3 |  3.8
Earth Magic    | 1 2 3 |  3.8
Poison Magic   | 1 2 3 |  3.8
Axes           | 3 4 5 |  5.3
Armour         | 3 4 5 |  5.3
Shields        | 3 4 5 |  5.3
Fighting       | 5 6 |  6.5
Staves         | 7 8 |  8.1
Stealth        | 5 6 |  6.3

Action                   |  1- 3 |  4- 6 |  7- 9 || total
-------------------------+-------+-------+-------++-------
Melee: Hand axe          |    83 |   151 |       ||   234
       Bite              |    16 |    14 |    55 ||    85
       Dire flail        |       |       |   129 ||   129
       Whip              |       |       |   258 ||   258
       Falchion          |       |       |    65 ||    65
 Cast: Animate Dead      |       |       |     2 ||     2
  Use: Scroll            |       |     8 |     1 ||     9
       Potion            |       |     7 |     3 ||    10
 Stab: Sleeping          |     2 |       |     3 ||     5
  Eat: Chunk             |     1 |     4 |     3 ||     8
       Bread ration      |       |       |     4 ||     4
Armor: Chain mail        |    36 |    89 |   218 ||   343
       Leather armour    |       |       |    22 ||    22
Dodge: Dodged            |    11 |    36 |   200 ||   247
Block: Shield            |    29 |    81 |       ||   110
       Buckler           |       |       |    87 ||    87
       Rpst.: Falchion   |       |       |     7 ||     7

Table legend:
 A = Spawn XP
 B = Non-spawn XP
 C = Spawn XP percentage of total XP
 D = Spawn monster count
 E = Non-spawn monster count
 F = Spawn count percentage of total count
 G = Total turns spent on level
                    A         B        C        D         E        F      G
               +---------+---------+-------+---------+---------+-------+---------
         Total |       0 |    4377 |   0.0 |       0 |     121 |   0.0 |  7838
               +---------+---------+-------+---------+---------+-------+---------
           D:1 |       0 |      20 |   0.0 |       0 |      12 |   0.0 |   844
           D:2 |       0 |      99 |   0.0 |       0 |      20 |   0.0 |   812
           D:3 |       0 |      62 |   0.0 |       0 |      19 |   0.0 |   804
           D:4 |       0 |     576 |   0.0 |       0 |       9 |   0.0 |   786
           D:5 |       0 |    1130 |   0.0 |       0 |      14 |   0.0 |   895
           D:6 |       0 |     267 |   0.0 |       0 |      12 |   0.0 |  1096
           D:7 |       0 |    1754 |   0.0 |       0 |      24 |   0.0 |  1833
           D:8 |       0 |     469 |   0.0 |       0 |      11 |   0.0 |   690
               +---------+---------+-------+---------+---------+-------+---------
